← All builds
Front / Cortex / Economy first / OBSERVED BUILD

Standard front

Cortex Front build order · Supreme Isthmus

Standard economy-first Front play: Bot Lab immediately, Advanced Metal Extractor around 9:23, then a mixed Thug/Grunt/Aggravator army sent up to defend the wider gap and move to middle as a line.

#eco #team support · 450 distinct matches · 138 players · 65% of Cortex Front games · team won 51% of 467 · Recently observed

HOW TO PLAY IT

Key timing: Bot Lab by 0:40

  1. Open 2 mex into early Bot Lab.
  2. Finish Bot Lab and start Thug, Grunt, Aggravator mix.
  3. Send first units to coast to stop leaks, not straight to mid.
  4. Transition into Advanced Metal Extractor as eco scales.
  5. Move units up as a line toward middle to hold the wider gap.

Phase by phase

TYPICAL OF ITS 450 GAMES
  1. 1
  2. 2
  3. 3
PLAY THE OPENING

Follow the example game's first 6:00 step by step: what to build now, what comes next, and where it goes. At 1× it keeps pace with your own game.

  1. 1

    Up to the Bot Lab

    Economy
    • Metal Extractor2Mex
    Order
    1. Bot LabBot Lab after 2 mexdone ~0:40, middle half 0:34–0:46

    Some games also: wind (41%)

    By 0:23 in all: 2 mex

    The example game in this phase · 115 steps
    1. Mex ×2
    2. Wind ×2
    3. Vehicle PlantVehicle Plantdone 0:48
    4. RascalRascal
    5. Mex
    6. RascalRascal
    7. IncisorIncisor
    8. Construction VehicleCon vehicle
    9. IncisorIncisor ×3
    10. Mex
    11. IncisorIncisor ×4
    12. Construction VehicleCon vehicle ×2
    13. IncisorIncisor
    14. Mex
    15. IncisorIncisor ×8
    16. Mex
    17. IncisorIncisor ×8
    18. Mex
    19. IncisorIncisor ×3
    20. Mex
    21. IncisorIncisor
    22. Wind
    23. IncisorIncisor
    24. Wind
    25. Mex
    26. IncisorIncisor
    27. Wind
    28. Dragon's TeethDragon's Teeth
    29. Wind
    30. Con turret
    31. IncisorIncisor ×2
    32. Mex
    33. IncisorIncisor ×2
    34. Wind
    35. IncisorIncisor
    36. Wind
    37. IncisorIncisor
    38. Wind
    39. IncisorIncisor
    40. Wind
    41. IncisorIncisor
    42. Wind
    43. Construction VehicleCon vehicle
    44. Wind ×2
    45. Construction VehicleCon vehicle
    46. Wind
    47. Construction VehicleCon vehicle
    48. Wind ×2
    49. IncisorIncisor
    50. Wind
    51. Advanced Metal ExtractorT2 mexdone 9:27 · typical 9:23
    52. IncisorIncisor
    53. Wind
    54. IncisorIncisor
    55. Wind ×2
    56. IncisorIncisor ×3
    57. Wind
    58. IncisorIncisor ×2
    59. Wind
    60. IncisorIncisor
    61. Advanced Metal ExtractorT2 mex
    62. IncisorIncisor
    63. Wind
    64. IncisorIncisor ×3
    65. Wind
    66. IncisorIncisor ×2
    67. Wind
    68. Advanced Metal ExtractorT2 mex
    69. IncisorIncisor ×2
    70. Wind
    71. IncisorIncisor
    72. Advanced Metal ExtractorT2 mex
    73. IncisorIncisor
    74. Wind
    75. IncisorIncisor ×2
    76. Con turret
    77. Wind ×2
    78. Con turret
    79. IncisorIncisor
    80. Con turret
    81. Wind
    82. Advanced Metal ExtractorT2 mex
    83. Wind
    84. IncisorIncisor
    85. Wind ×3
    86. IncisorIncisor
    87. Wind ×2
    88. IncisorIncisor
    89. Wind ×2
    90. IncisorIncisor
    91. Wind
    92. IncisorIncisor
    93. Converter
    94. Wind
    95. IncisorIncisor
    96. Wind ×2
    97. Converter
    98. IncisorIncisor
    99. Wind
    100. IncisorIncisor
    101. Wind ×2
    102. Converter
    103. Construction VehicleCon vehicle
    104. Wind ×2
    105. Converter
    106. Advanced Metal ExtractorT2 mex
    107. Wind
    108. Construction VehicleCon vehicle
    109. Wind ×2
    110. Energy storage
    111. Wind
    112. Construction VehicleCon vehicle
    113. Wind ×2
    114. IncisorIncisor
    115. Bot LabBot Labdone 13:59 · typical 0:40
  2. 2

    Bot Lab to 5:00

    Economy
    • Metal Extractor4Mex
    • Wind Turbine4Wind
    Builders
    • Construction Bot3 Con bot
    • Graverobber2 Graverobber
    Army
    • Guard2 Guard
    • Thug9 Thug
    • Aggravator5 Aggravator
    • Grunt4 Grunt

    Some games also: con turret (45%) · Radar Tower (34%)

    By 5:00 in all: 6 mex · 5 wind

  3. 3

    5:00 to 10:00

    Economy
    • Metal Extractor1Mex
    • Wind Turbine17Wind
    Builders
    • Construction Turret2 Con turret
    • Graverobber2 Graverobber
    • Construction Bot1 Con bot
    Army
    • Guard1 Guard
    • Grunt8 Grunt
    • Thug4 Thug
    • Aggravator1 Aggravator

    Some games also: Radar Tower (43%) · energy storage (36%) · converter (36%) · Twin Guard (33%) · eat Bot Lab (37%)

    By 10:00 in all: 7 mex · 24 wind · 3 con turret

    The example game in this phase · 35 steps
    1. IncisorIncisor
    2. Wind ×2
    3. Pit BullPit Bull
    4. Wind
    5. IncisorIncisor
    6. GraverobberGraverobber
    7. Converter
    8. Wind
    9. IncisorIncisor
    10. Wind ×2
    11. CastroCastro
    12. GraverobberGraverobber
    13. IncisorIncisor
    14. Wind ×2
    15. IncisorIncisor
    16. Wind
    17. GraverobberGraverobber
    18. Wind
    19. IncisorIncisor
    20. Wind
    21. Converter
    22. Pit BullPit Bull
    23. IncisorIncisor
    24. Wind
    25. GraverobberGraverobber
    26. Wind
    27. IncisorIncisor
    28. Converter
    29. Wind
    30. IncisorIncisor
    31. GraverobberGraverobber
    32. Wind
    33. IncisorIncisor
    34. Wind ×2
    35. IncisorIncisor

Counts are medians over the build's games: half of them build more, half fewer. The example game is AinzIsHere's (45 OS, 12/10/2026); pick another.

Team trades

IN AT LEAST 30% OF ITS GAMES

You hand over

Nothing regular.

You get

  • Tidal Generator4 Tidal from Pondfirst at 0:17 · in 65% of games
  • Advanced Construction Bot1 T2 con bot from Geo or Techfirst at 7:46 · in 62% of games

How it plays out

Typical game of this build, running totals by minute

Metal produced

010k20k30k
0:005:0010:0015:00

metal

Enemy metal destroyed

02.5k5k7.5k
0:005:0010:0015:00

metal

Own metal lost

05k10k
0:005:0010:0015:00

metal

467 games.

Show as table
ByMetal produced: This buildEnemy metal destroyed: This buildOwn metal lost: This build
1:0033100
2:0085600
3:00162810286
4:002710390344
5:003850920840
6:00510815871557
7:00638923652476
8:00773231243394
9:00915338324309
10:001080045375079
11:001265852035989
12:001454156816934
13:001681562017643
14:001900866498561
15:002063772469322
WHAT THE NUMBERS SAY

Standard front play wins less than half its games, with losses slightly outpacing kills through the first 15 minutes.

  • + Kills reach 7200 by 15:00 despite the safer starting position.
  • + T2 constructor reached in 85% of games, solid tech follow-through.
  • − Team wins under half of games (45%), the weakest shown here.
  • − Own metal lost (9484) exceeds enemy metal destroyed (7200) by 15:00.
THE EXAMPLE YOU ARE READING

AinzIsHere

44.5 OS · 12/10/2026

Open source match ↗

9 received units · includes a constructor
553 metal received · 9196 energy received

Allied construction assistance is unknown. Timings are observations, not a promise of solo reproducibility.

Typical milestones

Bot Lab0:40Middle 50%: 0:34–0:46 · n=454
Advanced Metal Extractor9:23Middle 50%: 8:19–10:45 · n=343

Played most by

iLike2Eco31games of this buildTheGeneraI27games of this buildSauceDispenser27games of this buildwatermeloans19games of this buildEl_Turco15games of this build